Map: Blackpink LE

Players

Pain

  • Race: Terran Terran
  • Spawn Location: 7:00

A.I. 1 (Medium) - Winner!

  • Race: Protoss Protoss
  • Spawn Location: 1:00

VOD

Have the link to the VOD?

Description

Time

  • Played on: March 13, 2018, 1:50 p.m.
  • Length: 7:28
Show
View Real Time Build Order
Export as new Build Order

Pain Terran 

Build Orders:  

Get SALT Encoding   

  12  0:08  SCV  
  13  0:20  SCV  
  14  0:26  Supply Depot  
  14  0:32  SCV  
  15  0:54  Barracks  
  15  1:03  Refinery  
  15  1:19  SCV  
  16  1:31  SCV  
  17  1:42  Supply Depot  
  17  1:43  SCV  
  18  1:55  SCV  
  19  2:07  SCV  
  20  2:10  Command Center  
  20  2:19  SCV  
  21  2:32  SCV  
  22  2:47  Supply Depot  
  22  3:05  Barracks Reactor  
  22  3:09  Supply Depot  
  22  3:29  SCV  
  22  3:30  Factory  
  22  3:31  Supply Depot  
  23  3:36  Orbital Command  
  24  3:41  SCV  
  24  3:44  Marine  
  26  3:51  Marine  
  26  3:53  SCV  
  27  4:02  Marine  
  28  4:05  SCV  
  28  4:09  Marine  
  30  4:10  Engineering Bay  
  30  4:15  Factory  
  30  4:17  SCV  
  30  4:19  Marine  
  32  4:29  SCV  
  33  4:35  Factory Tech Lab  
  33  4:40  Refinery  
  33  4:41  SCV  
  34  4:51  Terran Infantry Armor Level 1  
  34  4:54  SCV  
  34  4:58  Engineering Bay  
  35  5:03  Factory Reactor  
  35  5:06  SCV  
  36  5:18  SCV  
  37  5:28  Terran Infantry Weapons Level 1  
  37  5:29  Armory  
  37  5:33  SCV  
  38  5:45  SCV, Refinery  
  37  5:53  Marine  
  37  5:54  Marine  
  36  5:58  SCV  
  36  6:03  Hellion  
  40  6:11  Marine x2  
  40  6:13  Cyclone  
  40  6:14  Cyclone  
  47  6:24  Hellion  
  43  6:29  Marine x2  
  33  6:47  Marine x2  
  33  6:48  Siege Tank  
  33  6:50  Hellion x2  
  29  7:05  Marine x2  
Show
View Real Time Build Order
Export as new Build Order

A.I. 1 (Medium) Protoss - Winner!

Build Orders:  

Get SALT Encoding   

  12  0:00  Probe  
  13  0:13  Probe  
  14  0:20  Pylon  
  14  0:25  Probe  
  15  0:34  Probe  
  15  0:42  Probe  
  16  0:48  Assimilator  
  17  0:51  Probe  
  17  0:52  Gateway  
  18  0:59  Pylon  
  18  1:29  Gateway  
  18  1:34  Assimilator  
  18  1:38  Zealot  
  18  1:43  Cybernetics Core  
  20  1:57  Zealot  
  22  2:09  Pylon  
  22  2:18  Warp Gate  
  22  2:20  Stalker  
  24  2:32  Stalker  
  24  2:36  Probe  
  27  2:48  Probe  
  27  2:49  Stalker  
  30  2:56  Pylon  
  30  2:58  Probe  
  30  3:02  Stalker  
  33  3:06  Probe  
  33  3:12  Forge  
  34  3:14  Probe  
  35  3:26  Probe  
  36  5:10  Sentry, Probe  
  36  5:13  Pylon  
  39  5:15  Photon Cannon  
  39  5:16  Photon Cannon  
  39  5:19  Robotics Facility  
  39  5:22  Adept, Stargate  
  39  5:26  Twilight Council  
  41  5:31  Gateway  
  41  5:34  Forge  
  41  5:35  Stalker  
  41  5:38  Pylon  
  43  5:48  Sentry  
  45  6:01  Adept  
  47  6:07  Observer  
  48  6:28  Nexus  
  48  6:29  Observer  
  49  6:56  Zealot  
Tags
 
Matchup
PvT
Replay Pack
RP
Spawn Locations
Cross Positions
Add a new tag
Caveats
  • Supply blocks, unpowered buildings, or Contaminate may cause inaccurate times.
  • Supply counts are checked every 10 seconds.